 Dungeon Crawl Stone Soup version 0.29.1-15-g9cfb28693d (webtiles) character file.

Game seed: 5240945408894778775

84 Crackupboy the Firebug (level 4, -3/24 HPs)
             Began as a Deep Elf Fire Elementalist on Feb 21, 2023.
             Slain by a gnoll
             ... wielding a +0 halberd
              (6 damage)
             ... on level 3 of the Dungeon.
             The game lasted 00:16:18 (1012 turns).

Crackupboy the Firebug (Deep Elf Fire Elementalist) Turns: 1012, Time: 00:16:21

Health: -3/24      AC:  5    Str:  5    XL:     4   Next: 23%
Magic:  0/12       EV: 10    Int: 22    God:
Gold:   19         SH:  0    Dex: 21    Spells: 8/11 levels left

rFire   . . .      SeeInvis +   h - +0 short sword
rCold   . . .      Faith    .   (no shield)
rNeg    . . .      Spirit   .   e - +0 ring mail
rPois   .          Reflect  .   (no helmet)
rElec   .          Harm     .   (no cloak)
rCorr   .          Rampage  .   (no gloves)
Will    .....                   (no boots)
Stlth   ++........              (no amulet)
HPRegen 0.08/turn               d - +6 ring of dexterity
MPRegen 0.13/turn               i - ring of see invisible

@: very slightly contaminated
A: claws 1, hooves 1
a: no special abilities


You were on level 3 of the Dungeon.
You visited 1 branch of the dungeon, and saw 4 of its levels.

You collected 19 gold pieces.

Inventory:

Hand Weapons
 f - a +0 dagger
 g - a +0 whip
 h - a +0 short sword (weapon)
Missiles
 c - 2 boomerangs
Armour
 a - a +2 robe
 e - a +0 ring mail (worn)
 k - a +0 leather armour
Jewellery
 d - a +6 ring of dexterity (left claw)
 i - a ring of see invisible (right claw)
Potions
 j - a potion of attraction {unknown}


   Skills:
 + Level 2.5 Dodging
 + Level 2.5 Stealth
 + Level 4.2 Spellcasting
 + Level 1.4 Conjurations
 + Level 4.7 Fire Magic


You had 8 spell levels left.
You knew the following spells:

 Your Spells              Type           Power      Damage    Failure   Level
a - Foxfire               Conj/Fire      72%        2x1d7     16%         1
b - Scorch                Fire           50%        2d8       12%         2

Your spell library contained the following spells:

 Spells                   Type           Power      Damage    Failure   Level
 Conjure Flame            Conj/Fire      18%        6-21      41%         3
 Inner Flame              Hex/Fire       15%        N/A       52%         3
 Flame Wave               Conj/Fire      18%        2d7       83%         4


Dungeon Overview and Level Annotations

Branches:
Dungeon (4/15)
 Temple: D:4-7

Altars:


Innate Abilities, Weirdness & Mutations

You have sharp fingernails.
You have large cloven feet.


Message History

Casting: Scorch (safe; 13% risk of failure)
Confirm with . or Enter, or press ? or * to list all spells.
Flames lash the gnoll.
The gnoll is severely wounded.
The gnoll's fire resistance burns away.
Casting: Scorch (safe; 13% risk of failure)
Confirm with . or Enter, or press ? or * to list all spells.
Flames lash the gnoll.
The gnoll is burned terribly!
You kill the gnoll!
The gnoll closely misses you.
Your Spellcasting skill increases to level 4!
You have reached level 4!
You feel clever.
Casting: Scorch (safe; 12% risk of failure)
Confirm with . or Enter, or press ? or * to list all spells.
Flames lash the gnoll.
The gnoll is heavily wounded.
The gnoll's fire resistance burns away.
The gnoll barely misses you.
Casting: Scorch (safe; 12% risk of failure)
Confirm with . or Enter, or press ? or * to list all spells.
Flames lash the gnoll.
The gnoll is burned terribly!
You kill the gnoll!
An endoplasm comes into view.
The gnoll hits you from afar with a +0 halberd!
Casting: Scorch (safe; 12% risk of failure)
Confirm with . or Enter, or press ? or * to list all spells.
You miscast Scorch.
You are very lightly contaminated with residual magic.
Nothing appears to happen.
A dart slug comes into view.
The gnoll hits you from afar with a +0 halberd!
* * * LOW HITPOINT WARNING * * *
A bat comes into view.
Casting: Scorch (safe; 12% risk of failure)
Confirm with . or Enter, or press ? or * to list all spells.
Flames lash the gnoll.
The gnoll is moderately wounded.
The gnoll's fire resistance burns away.
The gnoll hits you from afar with a +0 halberd.
You die...

........#........
#................
#...........w....
..........)...?..
.........).....P
.............J.#
...........bg###
.............# .
............@# ..
.............+ ...
.............#....
..................
.......>..........
..................
.......###.#####+#
....... #...
....... #####


You could see a gnoll (combustible), a dart slug, an endoplasm and a bat.

Vanquished Creatures
  An adder (D:2)
  3 gnolls (D:3)
  A worm (D:1)
  2 ball pythons (D:1)
  3 endoplasms (D:1)
  2 giant cockroaches
  3 goblins (D:1)
  9 hobgoblins
  3 kobolds (D:1)
  6 bats
  A frilled lizard (D:1)
  4 rats (D:1)
38 creatures vanquished.

Vanquished Creatures (others)
  54 foxfires
54 creatures vanquished.

Grand Total: 92 creatures vanquished

Notes
Turn   | Place    | Note
-------+----------+-------------------------------------------
     0 | D:1      | Crackupboy the Deep Elf Fire Elementalist began the quest
                  | for the Orb.
     0 | D:1      | Reached XP level 1. HP: 10/10 MP: 6/6
   249 | D:1      | Reached XP level 2. HP: 15/15 MP: 5/8
   547 | D:1      | Reached XP level 3. HP: 17/19 MP: 7/9
   714 | D:1      | Gained mutation: You have large cloven feet. [potion of
                  | mutation]
   714 | D:1      | Gained mutation: You have sharp fingernails. [potion of
                  | mutation]
   810 | D:2      | Learned a level 2 spell: Scorch
   953 | D:2      | You fall into a shaft and drop 2 floors!
  1006 | D:3      | Reached XP level 4. HP: 18/24 MP: 8/12
  1012 | D:3      | Slain by a gnoll

Illustrated notes

Levels and vault maps discovered:
D:1:      grunt_arrival_crossed_arrows, layout_basic, grunt_decor_cap
D:2:      layout_loops_ring
D:3:      kennysheep_slugbush, layout_basic, serial_shops,
          nicolae_lakefront_shop, shapermc_ecumenical_altar_acropolis,
          grunt_ministairs_11, chequers_serial_rivers_large_a,
          kennysheep_path_1, chequers_decorated_corner, serial_bayou_pond_a,
          serial_bayou_pond_a, st_stairs_10
D:4:      layout_cave_pools, uniq_edmund

Skill      XL: |  1  2  3 |
---------------+----------+-----
Fire Magic     | 4 |  4.7
Spellcasting   | 4 |  4.2
Dodging        | |  2.5
Stealth        | |  2.5
Conjurations   | |  1.4

Action                   |  1- 3 |  4- 6 || total
-------------------------+-------+-------++-------
Melee: Short sword       |     3 |       ||     3
 Cast: Foxfire           |    46 |       ||    46
       Scorch            |     8 |     3 ||    11
  Use: Scroll            |     5 |       ||     5
       Potion            |     5 |       ||     5
Armor: Robe              |     4 |       ||     4
Dodge: Dodged            |    24 |     1 ||    25
